| TOP OF THE 1ST |
|
Minnesota Twins batting - Pitching for New York Yankees : RHP Devon Wiley
|
|
Pitching: RHP Devon Wiley
|
|
|
Batting: RHB Greg Harman
|
0-0: Foul Ball, location: 2F 0-1: Ball 1-1: Ball 2-1: Ball 3-1: Base on Balls
|
|
Batting: RHB Miguel Diaz
|
0-0: Ball 1-0: Called Strike 1-1: Ball 2-1: Foul Ball, location: 2F 2-2: Ball 3-2: Reached on error, E4 (Groundball, 4, EV 88.8 MPH) Greg Harman to second
|
|
Batting: LHB Peer Derks
|
0-0: Ball 1-0: Foul Ball, location: 2F 1-1: Ball 2-1: Foul Ball, location: 2F 2-2: Fly out, F5 (Popup, 6S, EV 84.4 MPH)
|
|
Batting: RHB Miguel Gonzalez
|
0-0: Ball 1-0: Foul Ball, location: 2F 1-1: Fly out, F9 (Line Drive, 89M, EV 103.8 MPH)
|
|
Batting: RHB Matt Dunn
|
0-0: Ball 1-0: Swinging Strike 1-1: Ball 2-1: Foul Ball, location: 2F 2-2: Strikes out swinging
|
| Top of the 1st over - 0 runs, 0 hits, 1 error, 2 left on base; Minnesota 0 - New York 0 |
| BOTTOM OF THE 1ST |
|
New York Yankees batting - Pitching for Minnesota Twins : RHP Ted Mosley
|
|
Pitching: RHP Ted Mosley
|
|
|
Batting: RHB Jose Tovar
|
0-0: Ball 1-0: Ball 2-0: Called Strike 2-1: Fly out, F5 (Popup, 56, EV 65.6 MPH)
|
|
Batting: LHB Joel Vera
|
0-0: Ball 1-0: Ball 2-0: Ball 3-0: Called Strike 3-1: Base on Balls
|
|
Batting: SHB Ryan Buchbinder
|
0-0: Ball 1-0: Ball 2-0: Ground out U3 (Groundball, 3S, EV 61.9 MPH) Joel Vera to second
|
|
Batting: SHB Mukhtar Wa'il
|
0-0: Ball 1-0: Ball 2-0: Foul Ball, location: 2F 2-1: Called Strike 2-2: Strikes out looking
|
| Bottom of the 1st over - 0 runs, 0 hits, 0 errors, 1 left on base; Minnesota 0 - New York 0 |
| TOP OF THE 2ND |
|
Minnesota Twins batting - Pitching for New York Yankees : RHP Devon Wiley
|
|
Batting: SHB Bran Stark
|
0-0: Ball 1-0: Called Strike 1-1: Foul Ball, location: 2F 1-2: Strikes out swinging
|
|
Batting: LHB Ryan Flynn Jr.
|
0-0: Called Strike 0-1: Fly out, F3 (Line Drive, 34, EV 64.4 MPH)
|
|
Batting: LHB Per Meulengracht
|
0-0: Ball 1-0: Ball 2-0: Foul Ball, location: 2F 2-1: Ball 3-1: Foul Ball, location: 2F 3-2: Base on Balls
|
|
Batting: RHB Alex Sandoval
|
0-0: Called Strike 0-1: Called Strike 0-2: SINGLE (Groundball, 56D, EV 105.6 MPH) Per Meulengracht to second
|
|
Batting: RHB Greg Harman
|
0-0: Called Strike 0-1: Foul Ball, location: 2F 0-2: Ball 1-2: Ball 2-2: Fielders Choice at 2nd, 6-4 (Groundball, 6, EV 86.9 MPH)
|
| Top of the 2nd over - 0 runs, 1 hit, 0 errors, 2 left on base; Minnesota 0 - New York 0 |
| BOTTOM OF THE 2ND |
|
New York Yankees batting - Pitching for Minnesota Twins : RHP Ted Mosley
|
|
Batting: RHB Shiro Suehiro
|
0-0: Ball 1-0: Ball 2-0: Ball 3-0: Called Strike 3-1: Foul Ball, location: 2F 3-2: Strikes out looking
|
|
Batting: SHB Houston Phillips
|
0-0: Called Strike 0-1: Foul Ball, location: 2F 0-2: Strikes out looking
|
|
Batting: LHB Jordan de Jesus
|
0-0: Foul Ball, location: 2F 0-1: Called Strike 0-2: Ball 1-2: Foul Ball, location: 2F 1-2: Ball 2-2: Foul Ball, location: 2F 2-2: Ball 3-2: Foul Ball, location: 2F 3-2: Foul Ball, location: 2F 3-2: Base on Balls
|
|
Batting: LHB Dan Morris
|
0-0: Foul Ball, location: 2F 0-1: Ball 1-1: Ball 2-1: Ball 3-1: Base on Balls Jordan de Jesus to second
|
|
Batting: RHB Larry Martell
|
0-0: Ball 1-0: Fielders Choice at 2nd, 6-4 (Groundball, 6, EV 101.9 MPH)
|
| Bottom of the 2nd over - 0 runs, 0 hits, 0 errors, 2 left on base; Minnesota 0 - New York 0 |
| TOP OF THE 3RD |
|
Minnesota Twins batting - Pitching for New York Yankees : RHP Devon Wiley
|
|
Pitching: RHP Dave Barry
|
|
|
Batting: RHB Miguel Diaz
|
0-0: Swinging Strike 0-1: Ball 1-1: Called Strike 1-2: Strikes out swinging
|
|
Batting: LHB Peer Derks
|
0-0: Foul Ball, location: 2F 0-1: Ground out 3-1 (Groundball, 34, EV 103.1 MPH)
|
|
Batting: RHB Miguel Gonzalez
|
0-0: Ball 1-0: Foul Ball, location: 2F 1-1: Foul Ball, location: 2F 1-2: Fly out, F3 (Popup, 3SF, EV 83.8 MPH)
|
| Top of the 3rd over - 0 runs, 0 hits, 0 errors, 0 left on base; Minnesota 0 - New York 0 |
| BOTTOM OF THE 3RD |
|
New York Yankees batting - Pitching for Minnesota Twins : RHP Ted Mosley
|
|
Batting: RHB Jose Tovar
|
0-0: Ball 1-0: Ball 2-0: Ball 3-0: Called Strike 3-1: DOUBLE (Line Drive, 9LS, EV 93.1 MPH)
|
|
Batting: LHB Joel Vera
|
0-0: Foul Ball, location: 2F 0-1: Ball 1-1: Ball 2-1: Ball 3-1: Base on Balls
|
|
Batting: SHB Ryan Buchbinder
|
0-0: Called Strike 0-1: Swinging Strike 0-2: Foul Ball, location: 2F 0-2: Hit by Pitch Jose Tovar to third Joel Vera to second
|
|
Pitching: RHP Borisz Barciniak
|
|
|
Batting: SHB Mukhtar Wa'il
|
0-0: Ball 1-0: Ball 2-0: Called Strike 2-1: Foul Ball, location: 2F 2-2: Ball 3-2: Base on Balls Jose Tovar scores Joel Vera to third Ryan Buchbinder to second
|
|
Batting: RHB Shiro Suehiro
|
0-0: Ball 1-0: Foul Ball, location: 2F 1-1: Swinging Strike 1-2: SINGLE (Groundball, 56D, EV 98.8 MPH) Joel Vera scores Ryan Buchbinder to third Mukhtar Wa'il to second
|
|
Batting: SHB Houston Phillips
|
0-0: Ball 1-0: Ball 2-0: Called Strike 2-1: Fielders Choice at 2nd, 5-4 (Groundball, 5, EV 84.4 MPH) Ryan Buchbinder scores Mukhtar Wa'il to third
|
|
Batting: LHB Jordan de Jesus
|
0-0: Fly out, F9 (Flyball, 9, EV 86.2 MPH)
|
|
Batting: LHB Dan Morris
|
0-0: Called Strike 0-1: Foul Ball, location: 2F 0-2: Ball 1-2: Foul Ball, location: 2F 1-2: Strikes out swinging
|
| Bottom of the 3rd over - 3 runs, 2 hits, 0 errors, 2 left on base; Minnesota 0 - New York 3 |
| TOP OF THE 4TH |
|
Minnesota Twins batting - Pitching for New York Yankees : RHP Dave Barry
|
|
Pitching: RHP Antonio Castillo
|
|
|
Batting: RHB Matt Dunn
|
0-0: Ball 1-0: Foul Ball, location: 2F 1-1: Ball 2-1: Swinging Strike 2-2: Ball 3-2: Foul Ball, location: 2F 3-2: Foul Ball, location: 2F 3-2: Ground out 5-3 (Groundball, 56, EV 99.4 MPH)
|
|
Batting: SHB Bran Stark
|
0-0: Ball 1-0: Swinging Strike 1-1: Foul Ball, location: 2F 1-2: Foul Ball, location: 2F 1-2: Foul Ball, location: 2F 1-2: Strikes out swinging
|
|
Batting: LHB Ryan Flynn Jr.
|
0-0: Called Strike 0-1: Swinging Strike 0-2: Foul Ball, location: 2F 0-2: Ball 1-2: Ball 2-2: SINGLE (Groundball, 5S, EV 69.4 MPH) (infield hit)
|
|
Batting: LHB Per Meulengracht
|
0-0: Ball 1-0: Ball 2-0: Called Strike 2-1: Foul Ball, location: 2F 2-2: Ground out 1-3 (Groundball, 13, EV 65.6 MPH)
|
| Top of the 4th over - 0 runs, 1 hit, 0 errors, 1 left on base; Minnesota 0 - New York 3 |
| BOTTOM OF THE 4TH |
|
New York Yankees batting - Pitching for Minnesota Twins : RHP Borisz Barciniak
|
|
Pitching: RHP Matt Lundy
|
|
|
Batting: RHB Larry Martell
|
0-0: Ball 1-0: Ball 2-0: Ball 3-0: DOUBLE (Flyball, 78D, EV 104.4 MPH)
|
|
Batting: RHB Jose Tovar
|
0-0: SINGLE (Flyball, 89S, EV 90.0 MPH) Larry Martell to third Runner from 3rd tries for Home, SAFE, throw by RF to home
|
|
Pinch Hitting: RHB C.J. Richerson
|
0-0: Ball 1-0: Grounds into double play, 4-6-3 (Groundball, 34, EV 90.6 MPH)
|
|
Batting: SHB Ryan Buchbinder
|
0-0: Ball 1-0: Foul Ball, location: 2F 1-1: Foul Ball, location: 2F 1-2: Ball 2-2: SINGLE (Groundball, 4M, EV 80.6 MPH) (infield hit)
|
|
Batting: SHB Mukhtar Wa'il
|
0-0: Called Strike 0-1: Foul Ball, location: 2F 0-2: Foul Ball, location: 2F 0-2: Strikes out swinging
|
| Bottom of the 4th over - 1 run, 3 hits, 0 errors, 1 left on base; Minnesota 0 - New York 4 |
| TOP OF THE 5TH |
|
Minnesota Twins batting - Pitching for New York Yankees : RHP Antonio Castillo
|
|
Pitching: RHP Leo Gonzales
|
|
|
Now at 1B: Jim Skare
|
|
|
Now at 2B: C.J. Richerson
|
|
|
Now at SS: Jason Peck
|
|
|
Now in LF: Larry Martell
|
|
|
Now in CF: Russ Shambaugh
|
|
|
Now in RF: Adriaan Pieters
|
|
|
Batting: RHB Alex Sandoval
|
0-0: Fly out, F9 (Flyball, 89M, EV 93.1 MPH)
|
|
Pinch Hitting: RHB Cyril Husson
|
0-0: Swinging Strike 0-1: Ground out U3 (Groundball, 34, EV 99.4 MPH)
|
|
Batting: RHB Miguel Diaz
|
0-0: Ball 1-0: Foul Ball, location: 2F 1-1: Ball 2-1: Fly out, F8 (Flyball, 8RXD, EV 84.4 MPH)
|
| Top of the 5th over - 0 runs, 0 hits, 0 errors, 0 left on base; Minnesota 0 - New York 4 |
| BOTTOM OF THE 5TH |
|
New York Yankees batting - Pitching for Minnesota Twins : RHP Matt Lundy
|
|
Now at C: José Molina
|
|
|
Now at 1B: Jesse Scott
|
|
|
Now at 2B: Cyril Husson
|
|
|
Now in LF: Harris Vink
|
|
|
Now in CF: Peer Derks
|
|
|
Now in RF: Bran Stark
|
|
|
Batting: LHB Jim Skare
|
0-0: Ground out U3 (Groundball, 3, EV 90.0 MPH)
|
|
Batting: LHB Jason Peck
|
0-0: Called Strike 0-1: Ball 1-1: Swinging Strike 1-2: Foul Ball, location: 2F 1-2: Foul Ball, location: 2F 1-2: Fly out, F9 (Line Drive, 9, EV 88.8 MPH)
|
|
Batting: LHB Jordan de Jesus
|
0-0: Called Strike 0-1: Called Strike 0-2: Ball 1-2: Strikes out looking
|
| Bottom of the 5th over - 0 runs, 0 hits, 0 errors, 0 left on base; Minnesota 0 - New York 4 |
| TOP OF THE 6TH |
|
Minnesota Twins batting - Pitching for New York Yankees : RHP Leo Gonzales
|
|
Pitching: RHP Andres Galindo
|
|
|
Now at 3B: Bartholomeu Chambino
|
|
|
Pinch Hitting: LHB Chaim Huting
|
0-0: Ball 1-0: Swinging Strike 1-1: Ball 2-1: Swinging Strike 2-2: SOLO HOME RUN (Flyball, 9D, EV 98.8 MPH), Distance : 402 ft
|
|
Batting: RHB Miguel Gonzalez
|
0-0: Foul Ball, location: 2F 0-1: Foul Ball, location: 2F 0-2: Ball 1-2: Ball 2-2: Ground out 5-3 (Groundball, 56S, EV 87.5 MPH)
|
|
Batting: RHB Jesse Scott
|
0-0: Swinging Strike 0-1: Ball 1-1: Foul Ball, location: 2F 1-2: Foul Ball, location: 2F 1-2: Foul Ball, location: 2F 1-2: Ball 2-2: Ball 3-2: Strikes out swinging
|
|
Batting: SHB Bran Stark
|
0-0: Ball 1-0: Foul Ball, location: 2F 1-1: Fly out, F6 (Flyball, 6D, EV 87.5 MPH)
|
| Top of the 6th over - 1 run, 1 hit, 0 errors, 0 left on base; Minnesota 1 - New York 4 |
| BOTTOM OF THE 6TH |
|
New York Yankees batting - Pitching for Minnesota Twins : RHP Matt Lundy
|
|
Pitching: LHP Bobby Molina
|
|
|
Now in CF: Bran Stark
|
|
|
Now in RF: Chaim Huting
|
|
|
Batting: LHB Dan Morris
|
0-0: Ball 1-0: SINGLE (Groundball, 6D, EV 101.9 MPH)
|
|
Pinch Hitting: SHB Victor Ruiz
|
0-0: Ball 1-0: Called Strike Balk! Dan Morris to second 1-1: Ball 2-1: Ball 3-1: Foul Ball, location: 2F 3-2: Foul Ball, location: 2F 3-2: Strikes out swinging
|
|
Batting: RHB Adriaan Pieters
|
0-0: Foul Ball, location: 2F 0-1: Foul Ball, location: 2F 0-2: Ball 1-2: Ball 2-2: Ball 3-2: Base on Balls
|
|
Batting: RHB C.J. Richerson
|
0-0: Ball 1-0: Ball 2-0: Ball 3-0: Base on Balls Dan Morris to third Adriaan Pieters to second
|
|
Batting: RHB Russ Shambaugh
|
0-0: Called Strike 0-1: Swinging Strike 0-2: Strikes out looking
|
|
Batting: RHB James Boynton
|
0-0: Fly out, F5 (Popup, 5F, EV 73.1 MPH)
|
| Bottom of the 6th over - 0 runs, 1 hit, 0 errors, 3 left on base; Minnesota 1 - New York 4 |
| TOP OF THE 7TH |
|
Minnesota Twins batting - Pitching for New York Yankees : RHP Andres Galindo
|
|
Pitching: RHP Ricky Mercer
|
|
|
Now at C: Geni Prawiranega
|
|
|
Now in LF: Victor Ruiz
|
|
|
Batting: RHB José Molina
|
0-0: Foul Ball, location: 2F 0-1: Foul Ball, location: 2F 0-2: Ball 1-2: Strikes out looking
|
|
Batting: LHB Harris Vink
|
0-0: Ball 1-0: Called Strike 1-1: Foul Ball, location: 2F 1-2: Hit by Pitch
|
|
Batting: RHB Alex Sandoval
|
0-0: Called Strike Harris Vink steals 2nd base 0-1: Foul Ball, location: 2F 0-2: Ball 1-2: Reached via error on a dropped throw from SS, E3 (Groundball, 6, EV 105.0 MPH) Harris Vink to third
|
|
Batting: RHB Cyril Husson
|
0-0: Ball 1-0: Called Strike 1-1: SINGLE (Groundball, 6MD, EV 96.9 MPH) Harris Vink scores Alex Sandoval to second
|
|
Batting: LHB Ricardo Batista
|
0-0: Fly out, F4 (Line Drive, 4, EV 69.4 MPH)
|
|
Batting: LHB Chaim Huting
|
0-0: Ball 1-0: Called Strike 1-1: Foul Ball, location: 2F 1-2: Ball 2-2: Ball 3-2: Base on Balls Alex Sandoval to third Cyril Husson to second
|
|
Batting: RHB Miguel Gonzalez
|
0-0: Ball 1-0: Ball 2-0: Ball 3-0: Called Strike 3-1: Ground out 4-3 (Groundball, 34, EV 103.8 MPH)
|
| Top of the 7th over - 1 run, 1 hit, 1 error, 3 left on base; Minnesota 2 - New York 4 |
| BOTTOM OF THE 7TH |
|
New York Yankees batting - Pitching for Minnesota Twins : LHP Bobby Molina
|
|
Pitching: RHP Mark Case
|
|
|
Batting: LHB Jim Skare
|
0-0: Foul Ball, location: 2F 0-1: Ball 1-1: SINGLE (Line Drive, 9LS, EV 113.8 MPH)
|
|
Pitching: RHP Bryan Hallman
|
|
|
Batting: LHB Jason Peck
|
0-0: Ball 1-0: Called Strike 1-1: Ball 2-1: Sac Bunt to 23 - play at first, batter OUT! 3-4 Jim Skare to second
|
|
Batting: SHB Bartholomeu Chambino
|
0-0: Ball 1-0: Ball 2-0: Swinging Strike 2-1: Called Strike 2-2: Ground out 3-1 (Groundball, 13, EV 84.4 MPH) Jim Skare to third
|
|
Batting: RHB Geni Prawiranega
|
0-0: Ball 1-0: Called Strike 1-1: Ball 2-1: Fly out, F7 (Flyball, 7, EV 88.8 MPH)
|
| Bottom of the 7th over - 0 runs, 1 hit, 0 errors, 1 left on base; Minnesota 2 - New York 4 |
| TOP OF THE 8TH |
|
Minnesota Twins batting - Pitching for New York Yankees : RHP Ricky Mercer
|
|
Pitching: RHP Tim Catalano
|
|
|
Batting: RHB Jesse Scott
|
0-0: Called Strike 0-1: Foul Ball, location: 2F 0-2: Ground out 6-3 (Groundball, 6, EV 85.0 MPH)
|
|
Batting: SHB Bran Stark
|
0-0: Called Strike 0-1: Ball 1-1: Foul Ball, location: 2F 1-2: SINGLE (Groundball, 6MD, EV 98.1 MPH)
|
|
Batting: RHB José Molina
|
0-0: TRIPLE (Line Drive, 78XD, EV 101.2 MPH) Bran Stark scores
|
|
Batting: LHB Harris Vink
|
0-0: Ball 1-0: Ball 2-0: Swinging Strike 2-1: Swinging Strike 2-2: Strikes out swinging
|
|
Batting: RHB Alex Sandoval
|
0-0: Foul Ball, location: 2F 0-1: Called Strike 0-2: Ground out 4-3 (Groundball, 4, EV 100.0 MPH)
|
| Top of the 8th over - 1 run, 2 hits, 0 errors, 1 left on base; Minnesota 3 - New York 4 |
| BOTTOM OF THE 8TH |
|
New York Yankees batting - Pitching for Minnesota Twins : RHP Bryan Hallman
|
|
Pitching: LHP Inkei Wakamatsu
|
|
|
Batting: SHB Victor Ruiz
|
0-0: Called Strike 0-1: Ball 1-1: Ground out 5-3 (Groundball, 56, EV 91.2 MPH)
|
|
Batting: RHB Adriaan Pieters
|
0-0: Ball 1-0: Swinging Strike 1-1: Ball 2-1: Fly out, F9 (Flyball, 9, EV 88.8 MPH)
|
|
Pinch Hitting: RHB Devon Utley
|
0-0: Fly out, F7 (Flyball, 78M, EV 90.0 MPH)
|
| Bottom of the 8th over - 0 runs, 0 hits, 0 errors, 0 left on base; Minnesota 3 - New York 4 |
| TOP OF THE 9TH |
|
Minnesota Twins batting - Pitching for New York Yankees : RHP Tim Catalano
|
|
Pitching: LHP Joel Pacheco
|
|
|
Now at 2B: Devon Utley
|
|
|
Batting: RHB Cyril Husson
|
0-0: Ball 1-0: Swinging Strike 1-1: Ball 2-1: Ball 3-1: Base on Balls
|
|
Batting: LHB Ricardo Batista
|
0-0: Called Strike 0-1: Sac Bunt to 3S - play at first, batter OUT! 3-1 Cyril Husson to second
|
|
Batting: LHB Chaim Huting
|
0-0: Ball 1-0: Foul Ball, location: 2F 1-1: Foul Ball, location: 2F 1-2: Foul Ball, location: 2F 1-2: Foul Ball, location: 2F 1-2: SINGLE (Groundball, 34, EV 100.6 MPH) Cyril Husson to third Runner from 3rd tries for Home, SAFE, throw by RF to home
|
|
Batting: RHB Miguel Gonzalez
|
0-0: Swinging Strike 0-1: Ball 1-1: Ball 2-1: Fly out, F9 (Flyball, 9, EV 78.1 MPH)
|
|
Batting: RHB Jesse Scott
|
0-0: Called Strike 0-1: Foul Ball, location: 2F 0-2: 2-RUN HOME RUN (Line Drive, 78XD, EV 106.2 MPH), Distance : 439 ft
|
|
Pitching: LHP Robert Cruz
|
|
|
Batting: SHB Bran Stark
|
0-0: Foul Ball, location: 2F 0-1: Ball 1-1: Ground out 5-3 (Groundball, 15, EV 79.4 MPH)
|
| Top of the 9th over - 3 runs, 2 hits, 0 errors, 0 left on base; Minnesota 6 - New York 4 |
| BOTTOM OF THE 9TH |
|
New York Yankees batting - Pitching for Minnesota Twins : LHP Inkei Wakamatsu
|
|
Pitching: RHP Bill Rondeau
|
|
|
Batting: RHB Russ Shambaugh
|
0-0: Ball 1-0: Called Strike 1-1: Foul Ball, location: 2F 1-2: Ball 2-2: Strikes out swinging
|
|
Batting: RHB James Boynton
|
0-0: Ball 1-0: Ball 2-0: Swinging Strike 2-1: Ball 3-1: Foul Ball, location: 2F 3-2: Ground out 5-3 (Groundball, 56, EV 88.1 MPH)
|
|
Batting: LHB Jim Skare
|
0-0: Ball 1-0: Fly out, F8 (Flyball, 8RD, EV 101.9 MPH)
|
| Bottom of the 9th over - 0 runs, 0 hits, 0 errors, 0 left on base; Minnesota 6 - New York 4 |
|